 Dungeon Crawl Stone Soup version 0.17-a0-2158-g6d76252 (webtiles) character file.

17922 Hedron the Martial Artist (level 12, -4/84 HPs)
             Began as an Octopode Monk on Oct 25, 2015.
             Was a High Priest of Cheibriados.
             Slain by a porcupine (14 damage)
             ... on level 2 of the Lair of Beasts.
             The game lasted 00:44:41 (16495 turns).

Hedron the Martial Artist (Octopode Monk)          Turns: 16495, Time: 00:44:41

Health: -4/84      AC:  1    Str: 25    XL:     12   Next: 53%
Magic:  15/18      EV: 22    Int: 23    God:    Cheibriados [*****.]
Gold:   532        SH:  0    Dex: 27    Spells: 0 memorised, 11 levels left

rFire  . . .     SeeInvis .       - Unarmed
rCold  + . .     Clarity  .     (no shield)
rNeg   . . .     SustAt   .     (helmet restricted)
rPois  .         Gourm    .     y - amulet of resist corrosion
rElec  .         Spirit   .     A - ring of wizardry
rCorr  +         Warding  .     F - ring of protection from cold
rMut   .         Stasis   .     (no ring)
MR     .....                    (no ring)
Stlth  +++++++...               (no ring)
                                (no ring)
                                (no ring)
                                (no ring)

@: very slow, not resistant to hostile enchantments, extremely stealthy
A: almost no armour, amphibious, 8 rings, constrict 8, camouflage 1, gelatinous
body 1
a: Bend Time, Temporal Distortion, Slouch, Step From Time, Renounce Religion


You were on level 2 of the Lair of Beasts.
You worshipped Cheibriados.
Cheibriados was extremely pleased with you.
You were hungry.

You visited 2 branches of the dungeon, and saw 11 of its levels.

You collected 532 gold pieces.

Inventory:

Hand Weapons
 e - a +2 dagger of protection
 u - a +0 blowgun
Missiles
 k - 5 javelins
 l - 7 tomahawks (quivered)
 q - 5 tomahawks of returning
 v - 14 poisoned needles
Jewellery
 y - an amulet of resist corrosion (around mantle)
 A - a ring of wizardry (left tentacle)
 F - a ring of protection from cold (right tentacle)
Wands
 h - a wand of lightning (3)
 m - a wand of flame (25)
 n - a wand of digging (8)
 s - a wand of magic darts (34)
 w - a wand of flame (31)
Scrolls
 b - 4 scrolls of remove curse
 j - 3 scrolls of fear
 p - 3 scrolls of teleportation
 C - a scroll of blinking
Potions
 c - a potion of agility
 d - a potion of heal wounds
 g - a potion of cancellation
 i - a potion of might
 o - 2 potions of magic
 t - a potion of lignification
 z - 2 potions of ambrosia
 D - 2 potions of invisibility {unknown}
 E - a potion of flight {unknown}
 G - a potion of berserk rage {unknown}
 H - a potion of haste {unknown}
Comestibles
 a - 9 bread rations
 f - 3 meat rations
 r - 2 fruits
 x - 8 slices of pizza
 B - 2 beef jerkies
 I - 2 chunks of flesh


   Skills:
 + Level 8.4 Fighting
 + Level 8.9 Dodging
 + Level 11.6 Stealth
 * Level 12.8 Unarmed Combat
 + Level 8.5 Invocations
 + Level 1.4 Evocations


You had 11 spell levels left.
You didn't know any spells.

Dungeon Overview and Level Annotations

Branches:
Dungeon (9/15)             Temple (0/1) D:7            Lair (2/8) D:9
    Orc (0/4) D:9

Altars:
Ashenzari
Cheibriados
Dithmenos
Elyvilon
Fedhas
Makhleb
Nemelex Xobeh
Okawaru
Ru
Trog
Xom
Yredelemnul
Zin
The Shining One

Shops:
D:8 }

Annotations:
D:4 Eustachio, Grinder


Innate Abilities, Weirdness & Mutations

You cannot wear most types of armour.
You are amphibious.
You can wear up to eight rings at the same time.
You can use your tentacles to constrict eight enemies at once.
Your skin changes colour to match your surroundings (Stealth).
Your rubbery body absorbs attacks (AC +1).


Message History

The four-headed hydra is severely wounded.
The porcupine completely misses you.
You tentacle-slap the four-headed hydra.
Your tentacle-slap misses the four-headed hydra.
The four-headed hydra is almost dead.
The porcupine barely misses you.
The four-headed hydra closely misses you.
The four-headed hydra bites you!
* * * LOW HITPOINT WARNING * * *
The four-headed hydra bites you!
* * * LOW HITPOINT WARNING * * *
The four-headed hydra bites you but does no damage.
You barely miss the four-headed hydra. You squeeze the four-headed hydra.
The four-headed hydra is almost dead.
The porcupine closely misses you.
You bludgeon the four-headed hydra!
You kill the four-headed hydra!
Cheibriados thoroughly appreciates the change of pace.
The porcupine bites you!
You die...

#... . ##..#
.... .#
####P.###
...[
#P#...).#
#.......#
PP..#.....##
....#.....P#
P.# #.....##
## ###..##
##.#@.##
#..r†..#
#+..#.##
..... ..#
#..... ..#
#..... ..#
#...... ..#
(...... ..#
....... ..#


You could see a porcupine.

Vanquished Creatures
  3 hydras
  The ghost of Clownie the Protected, a novice DsCK of Xom (D:9)
  Pikel (D:5)
  A black mamba (Lair:1)
  The ghost of Burgietje the Fighter, a novice MiFi (D:6)
  A spiny frog (Lair:2)
  A fire drake (D:9)
  The ghost of Ohli the Covert, a novice OpAs of Cheibriados (D:5)
  A troll (D:9)
  Edmund (D:5)
  12 blink frogs (Lair:1)
  A trapdoor spider zombie (D:9)
  A basilisk (Lair:1)
  11 yaks
  4 hungry ghosts
  3 hippogriffs
  12 wolves
  Menkaure (D:5)
  The ghost of Hedron the Insei, an amateur OpMo (D:3)
  3 water moccasins (Lair:1)
  A human (D:9)
  Duvessa (D:5)
  A black bear (D:7)
  A slave (D:5)
  2 eyes of draining (D:9)
  2 phantoms
  8 orc warriors
  3 ice beasts (D:8)
  2 porcupines (Lair:1)
  7 ogres
  5 centaurs
  6 giant frogs
  2 big kobolds
  3 crocodiles
  Blork the orc (D:4)
  Dowan (D:5)
  2 jellies
  A water moccasin skeleton (D:9)
  9 killer bees
  4 wights (D:9)
  4 crimson imps
  A giant frog zombie (D:5)
  A quasit (D:9)
  6 hounds
  5 orc priests
  2 centaur skeletons (D:8)
  An iguana (D:9)
  11 orc wizards
  5 worker ants
  3 sheep (D:9)
  2 hound zombies (D:8)
  2 hound skeletons
  4 gnolls (D:2)
  2 worker ant zombies
  7 adders
  10 river rats (Lair:2)
  An ooze (D:2)
  3 adder skeletons
  2 adder zombies
  3 worms
  5 giant geckos
  62 orcs
  4 giant cockroaches
  12 goblins
  8 hobgoblins
  4 jackals
  8 quokkas
  5 bats
  7 giant newts
  9 kobolds
  A quokka zombie (D:6)
  7 rats
330 creatures vanquished.

Vanquished Creatures (others)
  2 slaves (D:5)
  A crimson imp (D:5)
  3 fungi (Lair:1)
  2 plants (Lair:1)
8 creatures vanquished.

Grand Total: 338 creatures vanquished

Notes
Turn   | Place    | Note
--------------------------------------------------------------
     0 | D:1      | Hedron the Octopode Monk began the quest for the Orb.
     0 | D:1      | Reached XP level 1. HP: 16/16 MP: 1/1
   151 | D:1      | Reached XP level 2. HP: 21/21 MP: 2/2
  1065 | D:2      | Reached XP level 3. HP: 26/26 MP: 3/3
  1076 | D:2      | Found a snail-covered altar of Cheibriados.
  1100 | D:2      | Found an iron altar of Okawaru.
  1115 | D:2      | Reached skill level 5 in Unarmed Combat
  1404 | D:2      | Found a shadowy altar of Dithmenos.
  1508 | D:2      | You fall through a shaft for 2 floors!
  1735 | D:2      | Reached XP level 4. HP: 20/31 MP: 4/4
  2232 | D:2      | Reached skill level 6 in Unarmed Combat
  2252 | D:2      | Reached XP level 5. HP: 20/36 MP: 5/5
  2900 | D:3      | Noticed Hedron's ghost (amateur OpMo)
  2914 | D:3      | Killed Hedron's ghost
  2914 | D:3      | Reached skill level 7 in Unarmed Combat
  2914 | D:3      | Reached XP level 6. HP: 24/42 MP: 6/6
  3076 | D:2      | Found a glowing silver altar of Zin.
  3088 | D:2      | Became a worshipper of Cheibriados the Contemplative
  3088 | D:2      | Reached * piety under Cheibriados
  3088 | D:2      | Reached ** piety under Cheibriados
  3366 | D:4      | You fall through a shaft!
  3366 | D:5      | Entered Level 5 of the Dungeon
  3367 | D:5      | Noticed Ohli's ghost (novice OpAs)
  3397 | D:5      | Noticed Duvessa
  3409 | D:5      | Killed Duvessa
  3428 | D:5      | Noticed Dowan
  3720 | D:5      | Killed Ohli's ghost
  3720 | D:5      | Reached skill level 1 in Invocations
  3720 | D:5      | Reached XP level 7. HP: 30/46 MP: 6/8
  3783 | D:5      | Noticed Menkaure
  3864 | D:5      | Killed Dowan
  3864 | D:5      | Reached skill level 8 in Unarmed Combat
  4727 | D:5      | Reached XP level 8. HP: 49/54 MP: 9/9
  4765 | D:4      | Noticed Blork the orc
  4775 | D:4      | Killed Blork the orc
  4795 | D:4      | Noticed Grinder
  4870 | D:4      | Noticed Eustachio
  4932 | D:4      | Found a white marble altar of Elyvilon.
  4970 | D:4      | Found a blossoming altar of Fedhas.
  4970 | D:4      | Found a basalt altar of Yredelemnul.
  4970 | D:4      | Found a glowing golden altar of the Shining One.
  5270 | D:4      | Noticed an ogre
  5283 | D:4      | Killed an ogre
  5925 | D:5      | Reached skill level 5 in Stealth
  6057 | D:5      | Noticed Pikel
  6074 | D:5      | Killed Pikel
  6074 | D:5      | Reached skill level 9 in Unarmed Combat
  6231 | D:5      | Noticed Edmund
  6239 | D:5      | Killed Edmund
  6239 | D:5      | Reached XP level 9. HP: 60/60 MP: 8/12
  6634 | D:6      | Reached skill level 5 in Fighting
  6634 | D:6      | Reached skill level 5 in Dodging
  6762 | D:5      | Killed Menkaure
  6876 | D:6      | Noticed Burgietje's ghost (novice MiFi)
  6891 | D:6      | Killed Burgietje's ghost
  7225 | D:6      | Reached skill level 5 in Invocations
  7415 | D:6      | Reached *** piety under Cheibriados
  7607 | D:6      | Reached skill level 10 in Unarmed Combat
  7867 | D:7      | Reached XP level 10. HP: 54/67 MP: 10/14
  7934 | D:7      | Found a staircase to the Ecumenical Temple.
  9463 | D:8      | Found Zeoxymeisen's Gadget Boutique.
  9699 | D:8      | Reached **** piety under Cheibriados
  9749 | D:8      | Identified the Incunabulum of Arcane Weapons and Weightlessness
  9875 | D:8      | Reached skill level 11 in Unarmed Combat
  9999 | D:8      | Found a shimmering altar of Xom.
 10521 | D:8      | Reached ***** piety under Cheibriados
 10756 | D:8      | Found a burning altar of Makhleb.
 10756 | D:8      | Found a sparkling altar of Nemelex Xobeh.
 10840 | D:9      | Found a staircase to the Lair.
 10973 | D:9      | Found a shattered altar of Ashenzari.
 10996 | D:9      | Reached XP level 11. HP: 67/74 MP: 16/16
 11073 | D:9      | Found a staircase to the Orcish Mines.
 11428 | D:9      | Noticed Clownie's ghost (novice DsCK)
 11437 | D:9      | Paralysed by Clownie's ghost for 7 turns
 11460 | D:9      | HP: 3/74 [poisoned by Clownie's ghost]
 11469 | D:9      | HP: 3/74 [poisoned by Clownie's ghost]
 11897 | D:9      | Found a sacrificial altar of Ru.
 12071 | D:9      | Found a shattered altar of Ashenzari.
 12307 | D:9      | Killed Clownie's ghost
 12672 | D:9      | Reached skill level 10 in Stealth
 13450 | D:9      | Found a bloodstained altar of Trog.
 13821 | Lair:1   | Entered Level 1 of the Lair of Beasts
 14824 | Lair:1   | Reached skill level 12 in Unarmed Combat
 15124 | Lair:1   | Noticed a five-headed hydra
 15131 | Lair:1   | Killed a five-headed hydra
 15359 | Lair:1   | Noticed a five-headed hydra
 15372 | Lair:1   | Killed a five-headed hydra
 15372 | Lair:1   | Reached XP level 12. HP: 20/82 MP: 13/18
 16347 | Lair:2   | Noticed a six-headed hydra
 16449 | Lair:2   | Reached skill level 1 in Evocations
 16484 | Lair:2   | Noticed a four-headed hydra
 16495 | Lair:2   | Killed a four-headed hydra
 16495 | Lair:2   | Slain by a porcupine

Vault maps used:
D:1:      ncdulo_watergridlock, st_stairs_3, minmay_tree_intersection
D:2:      old_standard_altar, nicolae_overflow_hidden_temple,
          grunt_dithmenos_smoke_and_mirrors
D:4:      gammafunk_temple_overflow_forgotten, lemuel_doored_altar,
          gup_sewer_entry_bubbles, first_bread, uniq_eustachio, uniq_grinder,
          uniq_blork_the_orc
D:5:      minmay_small_thing, uniq_duvessa, uniq_pikel, uniq_edmund,
          uniq_menkaure
D:7:      temple_hall
D:8:      amethyst_overflow_temple_binary, basic_altar, serial_shops, shop
D:9:      hangedman_ru_absence, ashenzari_altar_1, minmay_lair_entry_lava,
          hiddenorc2_lemuel, serial_column_ruins, column_ruins_temple_circle,
          column_ruins_grid_1, column_ruins_grid_1, column_ruins_open_medium,
          column_ruins_open_small, grunt_livestock, trog_eyes_of_draining
Lair:1:   infiniplex_staircase_pool_2

Action                   |  1- 3 |  4- 6 |  7- 9 | 10-12 || total
-------------------------+-------+-------+-------+-------++-------
Melee: Unarmed           |    79 |   100 |   181 |   437 ||   797
 Fire: Blowgun           |       |       |       |     2 ||     2
Throw: Stone             |     2 |       |       |       ||     2
       Tomahawk          |       |       |     2 |    12 ||    14
Invok: Bend Time         |       |       |    13 |    16 ||    29
       Temporal Distorti |       |       |     1 |     1 ||     2
       Slouch            |       |       |       |     6 ||     6
       Step From Time    |       |       |       |     1 ||     1
Evoke: Wand              |       |       |     3 |     7 ||    10
  Use: Scroll            |     4 |    10 |     7 |     3 ||    24
       Potion            |       |     3 |     5 |     3 ||    11
 Stab: Sleeping          |    14 |     5 |     3 |    17 ||    39
       Distracted        |       |     1 |     1 |     2 ||     4
  Eat: Chunk             |     2 |     2 |     5 |    12 ||    21
       Meat ration       |       |     1 |       |       ||     1
       Pizza             |       |       |       |     1 ||     1
       Beef jerky        |       |       |       |     1 ||     1
       Royal jelly       |       |       |       |     1 ||     1
       Fruit             |       |       |       |     1 ||     1
